Map: 엔디온 잔해

Players

현무 - Winner!

  • Race: Terran Terran
  • League: Master

Scarlett

  • Race: Protoss Protoss
  • League: Diamond

VOD

Have the link to the VOD?

Description

Time

  • Played on: April 14, 2016, 12:56 a.m.
  • Length: 17:46
Show
View Real Time Build Order
Export as new Build Order

현무 Terran - Winner!

Build Orders: Reaper Expand, MMM Bio 

Get SALT Encoding   

  12  0:03  SCV  
  13  0:15  SCV  
  13  0:18  Supply Depot  
  14  0:27  SCV  
  15  0:40  SCV  
  15  0:41  Barracks  
  16  0:46  Refinery  
  16  0:52  SCV  
  17  1:04  SCV  
  18  1:16  SCV  
  19  1:29  Reaper  
  19  1:30  Orbital Command  
  20  1:40  Command Center  
  20  1:47  Supply Depot  
  20  1:55  SCV  
  21  2:06  Barracks Reactor  
  21  2:07  SCV  
  22  2:19  SCV  
  23  2:24  Factory  
  23  2:39  SCV  
  23  2:41  Refinery  
  23  2:43  Marine x2  
  26  2:51  SCV  
  27  3:01  Marine x2  
  28  3:07  Orbital Command  
  28  3:08  Factory Tech Lab  
  28  3:12  Starport  
  28  3:16  SCV  
  28  3:19  Marine x2  
  31  3:24  Refinery  
  31  3:26  Engineering Bay  
  31  3:27  Widow Mine  
  31  3:28  SCV  
  31  3:31  Supply Depot  
  31  3:32  SCV  
  35  3:39  Marine x2  
  35  3:40  SCV  
  38  3:45  SCV  
  39  3:48  Medivac  
  39  3:52  Missile Turret, SCV  
  42  3:55  Widow Mine  
  42  3:57  SCV  
  42  3:58  Missile Turret  
  45  4:03  Marine  
  45  4:04  Marine  
  45  4:08  Barracks  
  47  4:14  SCV x2  
  49  4:18  Supply Depot  
  49  4:22  Marine x2  
  49  4:23  Starport Reactor  
  51  4:24  Widow Mine  
  51  4:29  SCV  
  54  4:33  Terran Infantry Weapons Level 1  
  54  4:35  Supply Depot  
  54  4:40  SCV  
  54  4:45  Marine x2  
  56  4:49  SCV  
  56  4:52  SCV  
  59  4:53  Barracks  
  59  4:54  Widow Mine  
  59  4:58  Barracks Reactor, Barracks Tech Lab  
  61  5:01  Supply Depot  
  61  5:04  Marine x2  
  60  5:15  SCV  
  60  5:16  SCV  
  60  5:20  Stimpack  
  62  5:22  Marine x2  
  62  5:27  Marauder, SCV  
  62  5:28  SCV  
  67  5:30  Medivac  
  69  5:39  Marine  
  69  5:41  Barracks Tech Lab  
  62  6:00  Combat Shields  
  62  6:01  Medivac x2  
  66  6:05  Marine x3  
  66  6:09  Refinery  
  66  6:14  Marine, Command Center  
  64  6:19  Barracks, SCV x2  
  64  6:23  Marauder  
  68  6:25  Widow Mine  
  68  6:28  Marine x2  
  68  6:31  Medivac, SCV  
  75  6:35  SCV  
  76  6:43  Marine, SCV  
  76  6:44  Marine  
  78  6:51  Terran Infantry Armor Level 1  
  78  6:54  Engineering Bay  
  78  6:57  Armory  
  78  7:02  Supply Depot  
  78  7:07  Factory  
  78  7:08  Barracks Reactor  
  78  7:09  Supply Depot  
  78  7:15  Supply Depot  
  78  7:19  Supply Depot  
  78  7:21  Concussive Shells  
  78  7:23  Marine x2, Marauder, Widow Mine, SCV x2  
  78  7:25  Marine  
  78  7:28  Orbital Command  
  87  7:35  SCV  
  87  7:41  Marine x2  
  87  7:43  Marine  
  90  7:45  Marauder  
  90  7:46  Terran Infantry Weapons Level 2  
  92  7:55  Factory Reactor  
  92  7:56  Marine x2, Medivac  
  92  7:58  Marine, Supply Depot  
  96  7:59  Marine  
  96  8:01  Marine, SCV  
  96  8:02  Missile Turret  
  96  8:04  SCV  
  101  8:15  Marine x3  
  101  8:19  Marauder  
  106  8:22  Marine x2  
  106  8:25  Widow Mine  
  110  8:31  Supply Depot  
  110  8:33  Marine x2  
  110  8:34  Marauder  
  114  8:39  Marine  
  114  8:40  Barracks  
  108  8:45  Marine x2  
  97  8:51  Marine  
  97  8:54  Widow Mine  
  97  9:01  Marine x3  
  95  9:03  Marine, Marauder  
  95  9:08  Marine  
  97  9:12  Widow Mine x2  
  101  9:19  Marine x2, Marauder  
  101  9:22  Widow Mine  
  107  9:25  Marine x2  
  107  9:26  Marine  
  109  9:36  Marine  
  109  9:37  Marine, Terran Infantry Armor Level 2  
  109  9:38  Supply Depot  
  111  9:41  Widow Mine, Supply Depot  
  104  9:53  Widow Mine x2  
  104  9:59  Marine x3, SCV  
  113  10:00  SCV x2  
  113  10:04  Medivac x2  
  118  10:09  Widow Mine, Missile Turret  
  118  10:11  SCV  
  119  10:22  Widow Mine  
  112  10:39  Marine x3  
  112  10:40  Marine x3  
  114  10:47  Widow Mine  
  114  10:48  Widow Mine  
  118  10:51  Terran Infantry Weapons Level 3  
  118  10:52  Widow Mine  
  118  10:53  Supply Depot  
  120  10:57  Marine x3  
  120  10:58  Marine x3  
  120  10:59  Refinery  
  120  11:00  Refinery  
  126  11:05  SCV x3  
  129  11:15  Marine x6  
  129  11:16  Widow Mine x2  
  139  11:20  Widow Mine  
  141  11:29  Supply Depot  
  141  11:32  Marine x2  
  141  11:33  Marine  
  141  11:35  Marine x3  
  147  11:40  Barracks  
  147  11:44  Widow Mine  
  147  11:45  Widow Mine  
  151  11:50  Marine x2  
  151  11:54  Marauder  
  156  11:59  Marine x2  
  150  12:09  Marine x2, Widow Mine  
  150  12:13  Widow Mine x2  
  150  12:14  Marine  
  155  12:17  Marine x2  
  154  12:27  Marine x2  
  156  12:32  Marine  
  157  12:38  Supply Depot  
  157  12:39  Terran Infantry Armor Level 3, Supply Depot  
  157  12:43  Supply Depot  
  157  12:54  Marine  
  157  12:57  Marine  
  157  12:58  Marine x3  
  133  13:12  Marine  
  126  13:17  Marine  
  126  13:18  Marine x2, Marauder  
  126  13:19  Medivac  
  109  13:20  Medivac  
  111  13:30  Marine  
  112  13:35  Marine  
  112  13:40  Marauder  
  114  13:49  Medivac  
  114  13:50  Marine x3, Medivac  
  121  14:01  Marauder  
  117  14:14  Marine  
  117  14:15  Marine x2  
  120  14:19  Medivac x2, Ghost Academy  
  120  14:22  Marauder  
  124  14:34  Orbital Command  
  124  14:44  Marauder  
  87  15:00  Marine x2  
  87  15:05  Marauder  
  86  15:17  Marine x2  
  86  15:18  Marine x2  
  86  15:20  Widow Mine x3  
  93  15:22  SCV x3  
  93  15:26  Marine  
  93  15:35  Marine x2  
  93  15:36  Marine x2  
  93  15:48  Widow Mine  
  93  15:49  Widow Mine  
  88  15:58  Marine x5  
  88  16:00  Medivac x2  
  88  16:01  Widow Mine  
  92  16:16  Marine x5  
  92  16:17  Widow Mine x2  
  94  16:29  Widow Mine, SCV  
  94  16:34  Marine x5  
  94  16:38  Medivac x2  
  103  16:47  Orbital Command  
  103  16:51  Marine  
  104  16:56  Marine  
  104  16:57  Marine x3  
  108  17:08  Widow Mine x2, Medivac x2  
  113  17:09  Marine  
  113  17:11  Barracks Tech Lab  
  113  17:13  Barracks  
  113  17:14  Marine  
  113  17:15  Marine x3, Barracks  
  121  17:27  Marine  
Show
View Real Time Build Order
Export as new Build Order

Scarlett Protoss 

Build Orders: 1 Gate Expand, Phoenix Opening 

Get SALT Encoding   

  12  0:02  Probe (Chrono Boost)  
  13  0:13  Probe (Chrono Boost)  
  14  0:17  Pylon  
  14  0:24  Probe (Chrono Boost)  
  15  0:36  Probe (Chrono Boost)  
  15  0:38  Gateway  
  16  0:46  Probe (Chrono Boost)  
  16  0:49  Assimilator  
  18  0:57  Probe (Chrono Boost)  
  18  1:07  Probe (Chrono Boost)  
  19  1:18  Probe (Chrono Boost)  
  20  1:21  Nexus  
  20  1:31  Cybernetics Core  
  20  1:34  Probe (Chrono Boost)  
  20  1:39  Assimilator  
  21  1:45  Pylon  
  21  1:48  Probe (Chrono Boost)  
  22  1:58  Probe (Chrono Boost)  
  23  2:08  Adept  
  23  2:09  Mothership Core (Chrono Boost)  
  27  2:15  Warp Gate  
  27  2:27  Probe (Chrono Boost)  
  28  2:33  Probe (Chrono Boost)  
  29  2:38  Probe (Chrono Boost)  
  31  2:44  Probe (Chrono Boost)  
  31  2:45  Stargate  
  31  2:54  Probe (Chrono Boost)  
  32  2:59  Probe (Chrono Boost)  
  32  3:04  Probe (Chrono Boost)  
  33  3:10  Probe (Chrono Boost)  
  34  3:14  Adept  
  34  3:15  Probe (Chrono Boost)  
  34  3:17  Assimilator  
  37  3:20  Probe (Chrono Boost)  
  37  3:23  Pylon  
  37  3:25  Probe (Chrono Boost)  
  37  3:26  Assimilator  
  39  3:29  Probe  
  39  3:31  Phoenix (Chrono Boost)  
  42  3:37  Probe  
  42  3:40  Probe  
  44  3:49  Probe  
  44  3:50  Probe  
  44  3:53  Pylon  
  44  3:54  Phoenix (Chrono Boost)  
  48  4:00  Fleet Beacon  
  48  4:01  Probe x2  
  50  4:11  Probe, Stargate  
  50  4:13  Probe  
  52  4:19  Phoenix (Chrono Boost)  
  52  4:22  Probe  
  52  4:23  Pylon  
  55  4:33  Probe  
  55  4:35  Probe, Pylon  
  57  4:41  Phoenix (Chrono Boost)  
  57  4:45  Probe  
  60  4:46  Probe  
  60  4:47  Pylon  
  60  4:50  Pylon  
  61  4:53  Adept  
  63  5:02  Carrier (Chrono Boost)  
  63  5:05  Probe x2  
  71  5:18  Carrier (Chrono Boost)  
  77  5:27  Pylon  
  77  5:32  Twilight Council, Forge  
  77  5:33  Pylon  
  77  5:40  Protoss Air Weapons Level 1  
  77  6:18  Carrier (Chrono Boost)  
  83  6:21  Gateway  
  83  6:23  Gateway  
  83  6:24  Protoss Ground Weapons Level 1  
  83  6:25  Gateway  
  83  6:27  Gateway  
  83  6:28  Gateway  
  83  6:32  Carrier (Chrono Boost)  
  89  6:44  Resonating Glaives (Chrono Boost)  
  89  6:46  Adept  
  91  6:53  Pylon  
  90  7:03  Graviton Catapult  
  90  7:09  Gateway  
  90  7:11  Gateway  
  90  7:13  Pylon  
  90  7:21  Adept  
  90  7:22  Pylon  
  92  7:23  Pylon  
  92  7:25  Pylon  
  92  7:26  Adept x2  
  92  7:27  Adept x3  
  102  7:49  Adept  
  102  7:50  Adept x5  
  114  8:00  Oracle  
  114  8:01  Oracle  
  120  8:11  Pylon  
  94  8:23  Adept x2  
  94  8:24  Adept x5  
  106  8:33  Adept  
  98  8:49  Adept x4  
  93  9:03  Adept  
  87  9:15  Adept  
  87  9:16  Adept  
  88  9:33  Protoss Air Weapons Level 2  
  88  10:11  Templar Archives  
  88  10:13  Adept x3  
  94  10:36  Psionic Storm  
  94  10:51  High Templar x3  
  94  10:53  High Templar x2  
  94  10:54  High Templar  
  106  11:17  Nexus  
  106  11:19  High Templar x2  
  106  11:23  Archon  
  110  11:29  High Templar  
  112  11:35  Pylon  
  112  11:37  Pylon  
  105  11:56  High Templar x2  
  103  12:33  Oracle  
  103  12:34  Oracle  
  109  12:41  Adept x3  
  95  13:25  High Templar x4  
  103  13:53  Adept x4  
  111  14:09  High Templar  
  113  14:11  High Templar  
  115  14:38  Nexus  
  89  15:28  High Templar x3  
  77  16:03  Archon  
  77  16:11  Archon  
  51  16:32  Mothership Core  
  45  16:37  Pylon  
  45  16:38  Pylon  
  47  16:41  Adept x2  
  47  16:42  Assimilator  
  47  16:44  Assimilator  
  51  17:06  Adept  
  51  17:07  Adept  
  55  17:15  Nexus  
  55  17:21  Pylon  
Tags
 
Add a new tag
Caveats
  • Supply blocks, unpowered buildings, or Contaminate may cause inaccurate times.
  • Supply counts are checked every 10 seconds.